 Dungeon Crawl Stone Soup version 0.26.0-10-g1f06aea511 (webtiles) character file.

Game seed: 5370396772083289834

1168 Borgoz the Slasher (level 8, -8/67 HPs)
             Began as a Ghoul Gladiator on Jan 18, 2021.
             Was a Follower of Okawaru.
             Mangled by an orc warrior
             ... wielding a +0 dire flail
              (18 damage)
             ... on level 6 of the Dungeon.
             The game lasted 00:06:17 (5818 turns).

Borgoz the Slasher (Ghoul Gladiator)                Turns: 5818, Time: 00:06:18

Health: -8/67      AC: 11    Str: 18    XL:     8   Next: 40%
Magic:  6/8        EV: 17    Int:  3    God:    Okawaru [*.....]
Gold:   298        SH:  0    Dex: 14    Spells: 7/7 levels left

rFire    . . .     SeeInvis .   a - +1 long sword
rCold    + . .     Faith    .   (no shield)
rNeg     + + +     Spirit   .   s - +1 ring mail "Amaext" {rPois Dex+2} (curse)
rPois    ∞         Reflect  .   e - +2 helmet
rElec    .         Harm     .   (no cloak)
rCorr    .         Rampage  .   (no gloves)
Will     .....                  (no boots)
Stlth    ++........             (no amulet)
HPRegen  0.00/turn              (no ring)
MPRegen  0.11/turn              (no ring)

@: about to teleport, heroism
A: claws 1, cold resistance 1, negative energy resistance 3, inhibited
regeneration, torment resistance, unbreathing
a: Renounce Religion, Heroism


You were on level 6 of the Dungeon.
You worshipped Okawaru.
Okawaru was aware of your devotion.
You visited 2 branches of the dungeon, and saw 7 of its levels.

You collected 298 gold pieces.

Inventory:

Hand Weapons
 a - a +1 long sword (weapon)
Missiles
 d - 3 throwing nets (quivered)
Armour
 e - a +2 helmet (worn)
 s - the cursed +1 ring mail "Amaext" (worn) {rPois Dex+2}
   (You found it on level 6 of the Dungeon)

   It affects your dexterity (+2).
   It protects you from poison.
   It has a curse placed upon it.
Wands
 f - a wand of enslavement (9)
 p - a wand of paralysis (2)
Scrolls
 j - 4 scrolls of enchant armour
 k - 2 scrolls of teleportation
 m - 2 scrolls of magic mapping
 n - 3 scrolls of remove curse
 q - a scroll of fog
Potions
 b - a potion of heal wounds {unknown}
 c - a potion of flight
 g - 2 potions of brilliance
 i - 3 potions of cancellation


   Skills:
 + Level 4.5(9.5) Fighting
 * Level 5.5(10.5) Long Blades
 - Level 1.7(6.7) Throwing
 * Level 4.6(9.6) Armour
 * Level 4.8(9.8) Dodging
 + Level 2.1 Invocations


You had 7 spell levels left.
You didn't know any spells.
Your spell library contained the following spells:

 Spells                   Type           Power        Failure   Level
 Animate Skeleton         Necr           0%           67%         1
 Apportation              Tloc           0%           67%         1
 Corona                   Hex            0%           67%         1
 Summon Small Mammal      Summ           0%           67%         1


Dungeon Overview and Level Annotations

Branches:
Dungeon (6/15)             Temple (1/1) D:4

Altars:
Ashenzari
Cheibriados
Dithmenos
Elyvilon
Gozag
Hepliaklqana
Kikubaaqudgha
Makhleb
Okawaru
Qazlal
Ru
Sif Muna
Trog
Uskayaw
Vehumet
Wu Jian
Xom
Yredelemnul
Zin
The Shining One

Shops:
D:5 !


Innate Abilities, Weirdness & Mutations

You thrive by killing the living.
You are immune to poison.
You have sharp fingernails.
Your flesh is cold resistant. (rC+)
You are immune to negative energy. (rN+++)
You do not regenerate when monsters are visible.
You are immune to unholy pain and torment.
You can survive without breathing.


Message History

The hound barely misses you.
You riposte.
You completely miss the hound.
The hound is moderately wounded.
The orc barely misses you.
The orc warrior hits you with a +0 dire flail.
* * * LOW HITPOINT WARNING * * *
You barely miss the orc warrior.
The orc warrior is moderately wounded.
The hound closely misses you. x2
You hit the orc warrior.
The orc warrior is heavily wounded.
The orc closely misses you.
The orc warrior hits you with a +0 dire flail!
* * * LOW HITPOINT WARNING * * *
The hound barely misses you.
You riposte.
You completely miss the hound.
The hound is moderately wounded.
As you read the scroll of teleportation, it crumbles to dust.
You feel strangely unstable. The hound bites you but does no damage.
The orc misses you.
The orc warrior hits you with a +0 dire flail!!
You die...

#.# ......# ######.##
### ...$..#
###.......####.##..#....
#..........#.......#....
##...........#........#
###.........##.......#
##.........##.#......#
##..>...........).#.....
#..........##..o@o#.....
###.#......##..#h## ....
#####......###.#oo ...
.###............#.. ...
...#............##..
.....##.>......# ...
.##..####.###..##.#.##
.....####...#..... #.
..........!.......


You could see an orc warrior, a hound and 3 orcs.

Vanquished Creatures
  Duvessa (D:6)
  A black bear (D:6)
  2 phantoms
  A centaur (D:5)
  A bullfrog (D:6)
  Dowan (D:6)
  2 scorpions
  A water moccasin skeleton (D:4)
  A bullfrog zombie (D:6)
  3 orc priests
  4 orc wizards
  A bullfrog skeleton (D:4)
  A centaur skeleton (D:4)
  Ijyb (D:4)
  5 adders
  A white imp (D:5)
  An ufetubus (D:6)
  2 oozes
  An adder skeleton (D:4)
  2 worms (D:3)
  A dart slug (D:2)
  2 leopard geckos (D:1)
  10 orcs
  2 ball pythons (D:2)
  10 giant cockroaches
  6 goblins
  10 hobgoblins
  3 jackals (D:1)
  A quokka (D:3)
  4 bats (D:1)
  6 frilled lizards
  6 kobolds
  A leopard gecko zombie (D:5)
  A quokka skeleton (D:5)
  7 rats
103 creatures vanquished.

Notes
Turn   | Place    | Note
-------+----------+-------------------------------------------
     0 | D:1      | Borgoz the Ghoul Gladiator began the quest for the Orb.
     0 | D:1      | Reached XP level 1. HP: 17/17 MP: 0/0
   230 | D:1      | Reached XP level 2. HP: 25/25 MP: 1/1
   428 | D:1      | Reached skill level 3 in Long Blades
   653 | D:1      | Reached skill level 1 in Armour
   738 | D:1      | Reached XP level 3. HP: 30/30 MP: 2/2
  1211 | D:2      | Reached XP level 4. HP: 37/37 MP: 3/3
  2448 | D:3      | Reached XP level 5. HP: 39/44 MP: 4/4
  2675 | D:4      | Noticed a phantom
  2697 | D:4      | Reached skill level 4 in Long Blades
  2901 | D:4      | Killed a phantom
  2902 | D:4      | Reached XP level 6. HP: 19/51 MP: 5/5
  3180 | D:4      | Noticed Ijyb
  3188 | D:4      | Paralysed by Ijyb for 3 turns
  3195 | D:4      | Killed Ijyb
  3441 | D:4      | Reached XP level 7. HP: 46/58 MP: 6/6
  3706 | D:4      | Found a staircase to the Ecumenical Temple.
  3720 | Temple   | Entered the Ecumenical Temple
  3943 | Temple   | Became a worshipper of Warmaster Okawaru
  4221 | D:5      | Entered Level 5 of the Dungeon
  4298 | D:5      | HP: 2/58 [something (1)]
  4716 | D:5      | Found a hide-covered altar of Uskayaw.
  4717 | D:5      | Found a shimmering altar of Xom.
  4742 | D:5      | Found Emem's Distillery.
  5231 | D:5      | Reached skill level 5 in Long Blades
  5231 | D:5      | Reached skill level 1 in Invocations
  5444 | D:6      | Reached XP level 8. HP: 51/66 MP: 6/8
  5469 | D:6      | Got a scorched ring mail
  5480 | D:6      | Identified the cursed +1 ring mail "Amaext" {rPois Dex+2}
                  | (You found it on level 6 of the Dungeon)
  5491 | D:6      | Reached * piety under Okawaru
  5526 | D:6      | Noticed Duvessa
  5527 | D:6      | Noticed Dowan
  5546 | D:6      | Killed Duvessa
  5551 | D:6      | Killed Dowan
  5818 | D:6      | Mangled by an orc warrior

Illustrated notes

Levels and vault maps discovered:
D:1:      matt_arrival_los_fun, layout_loops_corners, kennysheep_small_spiral,
          minmay_pentomino_v4
D:2:      layout_loops_ring
D:3:      layout_loops_corners, kennysheep_generic_room_2
D:4:      layout_loops_cross, minmay_temple_entry_statues_pillars, uniq_ijyb
D:5:      layout_cave_pools, chequers_temple_overflow_statue_of_worship,
          serial_shops, nicolae_shop_trees
D:6:      layout_cave_pools, lemuel_angel_altar, uniq_duvessa
Temple:   dpeg_five_rooms_temple

Skill      XL: |  1  2  3  4  5  6  7  8 |
---------------+-------------------------+-----
Long Blades    | 3 4 5 |  5.5
Armour         | 1 2 3 4 |  4.6
Dodging        | 3 4 |  4.8
Fighting       | 3 4 |  4.5
Invocations    | 1 2 |  2.1
Throwing       | |  1.7

Action                   |  1- 3 |  4- 6 |  7- 9 || total
-------------------------+-------+-------+-------++-------
Melee: Long sword        |    97 |   170 |   149 ||   416
Throw: Throwing net      |       |     2 |     3 ||     5
Invok: Heroism           |       |       |     1 ||     1
  Use: Scroll            |     6 |     6 |     6 ||    18
       Potion            |       |       |     6 ||     6
Armor: Leather armour    |    30 |    61 |    47 ||   138
       Scale mail        |       |       |    30 ||    30
       Ring mail         |       |       |    13 ||    13
Dodge: Dodged            |    75 |   114 |   143 ||   332
       Rpst.: Long sword |    25 |    36 |    41 ||   102
